 Dungeon Crawl Stone Soup version 0.21-a0-193-g085b6a0 (webtiles) character file.

1082 tehllama the Sneak (level 8, -1/50 HPs)
             Began as an Octopode Transmuter on Aug 14, 2017.
             Slain by a mummy (17 damage)
             ... in an ossuary.
             The game lasted 00:12:40 (3777 turns).

tehllama the Sneak (Octopode Transmuter)            Turns: 3777, Time: 00:12:41

Health: -1/50      AC:  1    Str: 11    XL:     8   Next: 30%
Magic:  1/12       EV: 14    Int: 16    God:
Gold:   223        SH:  0    Dex: 12    Spells: 7/13 levels left

rFire    . . .     SeeInvis .     - Unarmed
rCold    . . .     Gourm    .   (no shield)
rNeg     . . .     Faith    .   (helmet restricted)
rPois    .         Spirit   .   l - amulet of regeneration
rElec    .         Reflect  .   (no ring)
rCorr    .         Harm     .   (no ring)
MR       .....                  (no ring)
Stlth    ++++......             (no ring)
HPRegen  0.56/turn              (no ring)
MPRegen  0.13/turn              (no ring)
                                (no ring)
                                (no ring)

@: appendage, very slightly contaminated
A: almost no armour, stealthy swim, amphibious, 8 rings, constrict 8, tentacle
spike 3, camouflage 1, gelatinous body 1
a: End Transformation


You were in an ossuary.
You were hungry.
One of your tentacles had a temporary spike.
You visited 1 branch of the dungeon, and saw 5 of its levels.
You also visited: Ossuary.

You collected 223 gold pieces.

Inventory:

Missiles
 a - 34 arrows
Jewellery
 l - an amulet of regeneration (around mantle)
 u - a cursed ring of loudness {unknown}
 B - an uncursed ring of protection from cold {unknown}
Wands
 f - a wand of polymorph (6/24)
 m - a wand of digging (19/24)
 p - a wand of flame (6/48)
 v - a wand of digging (14/24)
 y - a wand of disintegration (22/24)
 E - a wand of polymorph (9/24)
Scrolls
 j - 4 scrolls of remove curse
 n - 2 scrolls of teleportation
 q - 2 scrolls of enchant weapon
 r - 2 scrolls of enchant armour
 t - a scroll of identify
Potions
 d - 3 potions of haste {unknown}
 e - 3 potions of curing {unknown}
 g - a potion of ambrosia {unknown}
 i - a potion of berserk rage {unknown}
 k - 3 potions of lignification
 o - a potion of agility {unknown}
 s - 2 potions of mutation {unknown}
 x - a potion of degeneration {unknown}
 A - a potion of cancellation {unknown}
 C - a potion of brilliance {unknown}
Books
 b - a book of Changes

   Spells                             Type                      Level
   a - Beastly Appendage              Transmutation                1
   b - Sticks to Snakes               Transmutation                2
   c - Spider Form                    Transmutation/Poison         3
   d - Ice Form                       Ice/Transmutation            4
   e - Blade Hands                    Transmutation                5
 w - a book of Maledictions

   Spells                             Type                      Level
   a - Corona                         Hexes                        1
   b - Ensorcelled Hibernation        Hexes/Ice                    2
   c - Confuse                        Hexes                        3
   d - Tukima's Dance                 Hexes                        3
   e - Dazzling Spray                 Conjuration/Hexes            3
Comestibles
 c - 7 bread rations
 h - a royal jelly
 z - 2 fruits


   Skills:
 + Level 2.1 Fighting
 + Level 3.1 Dodging
 + Level 6.2 Stealth
 + Level 5.9 Unarmed Combat
 + Level 3.0 Spellcasting
 + Level 3.4 Transmutations
 - Level 3.0 Poison Magic
 + Level 3.1 Evocations


You had 7 spell levels left.
You knew the following spells:

 Your Spells              Type           Power        Failure   Level  Hunger
a - Beastly Appendage     Tmut           ##....       4%          1    #......
b - Sticks to Snakes      Tmut           ##......     7%          2    ##.....
c - Spider Form           Tmut/Pois      ##........   16%         3    ###....


Dungeon Overview and Level Annotations

Branches:
Dungeon (5/15)
 Temple: D:4-7

Altars:
Ashenzari
Okawaru
Ru

Shops:
D:5 }


Innate Abilities, Weirdness & Mutations

You cannot wear most types of armour.
You are very stealthy in the water. (Stealth+)
You are amphibious.
You can wear up to eight rings at the same time.
You can use your tentacles to constrict eight enemies at once.
Your skin changes colour to match your surroundings (Stealth+).
Your rubbery body absorbs attacks. (AC +1, EV +1)
One of your tentacles bears a large vicious spike.


Message History

You constrict the mummy. You tentacle-slap the mummy.
You pierce the mummy.
The mummy is severely damaged.
You constrict the mummy. The mummy hits you.
Casting: Beastly Appendage
Confirm with . or Enter, or press ? or * to list all spells.
You fail to extend your transformation any further.
You constrict the mummy. The mummy hits you.
You tentacle-slap the mummy. You squeeze the mummy.
You destroy the mummy!
The mummy hits you!
* * * LOW HITPOINT WARNING * * *
2 mummies come into view.
The mummy misses you.
You tentacle-slap the mummy. Your grab misses the mummy. You squeeze the mummy.
The mummy is heavily damaged.
You tentacle-slap the mummy. You grab the mummy.
You pierce the mummy.
The mummy is almost destroyed.
You constrict the mummy. The mummy hits you!
You die...

... #### M. ....M
##..## ...
.....##....##....
.................
...............
#..............
#........#
#..@M..# ##....##
#....# #....#
#....# #....#
#....# #....#
#....#


You could see 3 mummies.

Vanquished Creatures
  An ice beast (D:5)
  2 sky beasts (D:5)
  A bullfrog (D:5)
  2 hounds
  5 orc wizards
  An orc priest (D:3)
  Terence (D:2)
  An iguana (D:4)
  Natasha (thrice) (D:4)
  3 worker ants
  A hound skeleton (D:4)
  3 mummies (Ossuary)
  Robin (D:3)
  A howler monkey skeleton (D:4)
  5 adders
  An ooze (D:1)
  6 worms
  A dart slug (D:1)
  4 leopard geckos
  6 orcs (D:3)
  10 bats
  6 giant cockroaches
  A gnoll zombie (Ossuary)
  18 goblins
  16 hobgoblins
  3 jackals (D:1)
  7 kobolds
  A quokka (D:2)
  8 frilled lizards
  A giant cockroach zombie (D:5)
  2 hobgoblin zombies (Ossuary)
  3 orc zombies (Ossuary)
  5 rats
130 creatures vanquished.

Vanquished Creatures (collateral kills)
  Sigmund (D:3)
  An orc (D:3)
  2 gnoll zombies (Ossuary)
4 creatures vanquished.

Grand Total: 134 creatures vanquished

Notes
Turn   | Place    | Note
-------+----------+-------------------------------------------
     0 | D:1      | tehllama the Octopode Transmuter began the quest for the Orb.
     0 | D:1      | Reached XP level 1. HP: 13/13 MP: 3/3
   193 | D:1      | Reached XP level 2. HP: 17/18 MP: 3/5
   382 | D:1      | Reached XP level 3. HP: 21/23 MP: 4/6
   393 | D:1      | Learned a level 2 spell: Sticks to Snakes
   397 | D:1      | Learned a level 3 spell: Spider Form
   409 | D:1      | Reached skill level 1 in Stealth
   706 | D:1      | Reached skill level 2 in Stealth
  1151 | D:2      | Reached XP level 4. HP: 24/28 MP: 7/7
  1189 | D:2      | Found a sacrificial altar of Ru.
  1193 | D:2      | Reached skill level 3 in Stealth
  1349 | D:2      | Noticed Terence
  1356 | D:2      | Killed Terence
  1356 | D:2      | Reached skill level 4 in Stealth
  1356 | D:2      | Reached XP level 5. HP: 13/33 MP: 4/8
  1434 | D:2      | Found a shattered altar of Ashenzari.
  1872 | D:3      | Reached skill level 1 in Poison Magic
  1883 | D:3      | Reached skill level 5 in Unarmed Combat
  1883 | D:3      | Reached XP level 6. HP: 15/38 MP: 7/9
  2068 | D:3      | Reached skill level 1 in Evocations
  2215 | D:3      | Reached skill level 5 in Stealth
  2254 | D:3      | Noticed Robin
  2283 | D:3      | Killed Robin
  2396 | D:3      | Noticed Sigmund
  2438 | D:3      | Killed Sigmund
  2585 | D:3      | Found an iron altar of Okawaru.
  2698 | D:4      | Reached XP level 7. HP: 40/43 MP: 5/10
  2764 | D:4      | Noticed Natasha
  2771 | D:4      | Killed Natasha
  2846 | D:4      | Noticed Natasha
  2855 | D:4      | Killed Natasha
  3207 | D:4      | Noticed Natasha
  3216 | D:4      | Killed Natasha
  3290 | D:5      | Entered Level 5 of the Dungeon
  3506 | D:5      | Reached XP level 8. HP: 42/49 MP: 9/12
  3543 | D:5      | Reached skill level 6 in Stealth
  3556 | D:5      | Found Gyro Dac's Gadget Shoppe.
  3649 | D:5      | Found a sand-covered staircase.
  3654 | Ossuary  | Entered an ossuary
  3777 | Ossuary  | Slain by a mummy

Vault maps used:
D:1:      denvon_arrival_hothouse
D:2:      ashenzari_conservatory_becter, nicolae_ru_great_annihilating_truth,
          uniq_terence
D:3:      okawaru_altar_gauntlet_db, uniq_sigmund, uniq_robin
D:4:      first_bread, uniq_natasha
D:5:      serial_shops, shop, enter_ossuary_5
Ossuary:  ossuary_tomb_3

Skill      XL: |  1  2  3  4  5  6  7  8 |
---------------+-------------------------+-----
Unarmed Combat | 4 5 |  5.9
Stealth        | 2 4 5 6 |  6.2
Poison Magic   | 1 2 3 |  3.0
Evocations     | 1 2 3 |  3.1
Transmutations | 3 |  3.4
Dodging        | 3 |  3.1
Fighting       | 2 |  2.1
Spellcasting   | 3 |  3.0

Action                   |  1- 3 |  4- 6 |  7- 9 || total
-------------------------+-------+-------+-------++-------
Melee: Unarmed           |    76 |   148 |    90 ||   314
       Constrict         |    25 |    19 |    10 ||    54
       Kick              |    19 |    10 |    12 ||    41
       Punch             |     3 |     1 |     1 ||     5
       Tentacles         |     8 |    16 |     9 ||    33
 Cast: Beastly Appendage |    27 |    22 |     7 ||    56
       Spider Form       |       |     7 |    12 ||    19
       Sticks to Snakes  |       |     6 |     7 ||    13
  Use: Scroll            |       |     3 |     4 ||     7
 Stab: Sleeping          |     5 |    10 |     4 ||    19
       Paralysed         |       |     1 |       ||     1
  Eat: Chunk             |     1 |     7 |     5 ||    13
Armor: Skin              |    11 |     9 |     6 ||    26
Dodge: Dodged            |    51 |   101 |    54 ||   206
